 Dungeon Crawl Stone Soup version 0.27.0-1-g7a089689b8 (webtiles) character file.

Game seed: 3279314207762822574

1439 nicksoapdish the Changer (level 8, -1/51 (57) HPs)
             Began as an Octopode Transmuter on Aug 7, 2021.
             Was an Initiate of Dithmenos.
             Slain by a wight (3 damage)
             ... on level 6 of the Dungeon.
             The game lasted 00:26:49 (6951 turns).

nicksoapdish the Changer (Octopode Transmuter)      Turns: 6951, Time: 00:26:49

HP:   -1/51 (57)    AC:  7    Str:  9    XL:     8   Next: 74%
MP:   13/15         EV: 14    Int: 17    God:    Dithmenos [......]
Gold: 259           SH:  0    Dex: 13    Spells: 6/16 levels left

rFire    x . .     SeeInvis .     - Unarmed
rCold    + + +     Faith    .   (shield currently unavailable)
rNeg     . . .     Spirit   .   (helmet currently unavailable)
rPois    +         Reflect  .   (no amulet)
rElec    .         Harm     .   k - ring of wizardry
rCorr    .         Rampage  .   c - +4 ring of evasion
Will     .....                  (no ring)
Stlth    +++.......             (no ring)
HPRegen  0.17/turn              (no ring)
MPRegen  0.14/turn              (no ring)
                                (no ring)
                                (no ring)

@: ice-form, heavily drained
A: freezing attack, boosted hp, almost no armour, amphibious, 8 rings, large,
(camouflage 1), (gelatinous body 1), (nimble swimmer 1), (tentacles)
a: End Transformation, Renounce Religion


You were on level 6 of the Dungeon.
You worshipped Dithmenos.
Dithmenos was noncommittal.
You were a creature of crystalline ice.
You visited 2 branches of the dungeon, and saw 7 of its levels.

You collected 259 gold pieces.

Inventory:

Hand Weapons
 a - a +0 dagger of protection (melded)
Jewellery
 c - a +4 ring of evasion (right front paw)
 j - a ring of fire
 k - a ring of wizardry (left front paw)
Wands
 m - a wand of polymorph (4)
 n - a wand of charming (11)
 o - a wand of acid (8)
Scrolls
 d - 2 scrolls of magic mapping
 e - a scroll of torment
 g - a scroll of silence {unknown}
 i - a scroll of enchant weapon {unknown}
 l - a scroll of immolation
 p - a scroll of blinking {unknown}
Potions
 b - a potion of resistance
 f - 3 potions of magic
 h - a potion of attraction
 q - a potion of brilliance
 r - a potion of mutation
 s - a potion of ambrosia


   Skills:
 - Level 1.0 Fighting
 - Level 2.0 Dodging
 - Level 6.4 Stealth
 + Level 3.4 Unarmed Combat
 + Level 4.8 Spellcasting
 * Level 6.9 Transmutations
 * Level 2.8 Ice Magic
 - Level 2.7 Poison Magic


You had 6 spell levels left.
You knew the following spells:

 Your Spells              Type           Power      Damage    Failure   Level
a - Beastly Appendage     Tmut           54%        N/A       1%          1
b - Wereblood             Tmut           27%        N/A       1%          2
c - Spider Form           Tmut/Pois      10%        N/A       2%          3
d - Ice Form              Ice/Tmut       20%        N/A       8%          4

Your spell library contained the following spells:

 Spells                   Type           Power      Damage    Failure   Level
 Freeze                   Ice            52%        1d7       1%          1
 Frozen Ramparts          Ice            26%        1d4       6%          3
 Gell's Gravitas          Tloc           2%         N/A       17%         3
 Summon Guardian Golem    Hex/Summ       4%         N/A       17%         3
 Teleport Other           Tloc           4%         N/A       17%         3
 Hailstorm                Conj/Ice       8%         3d4       32%         4
 Fireball                 Conj/Fire      2%         3d4       82%         5
 Dispersal                Tloc           2%         N/A       100%        6
 Starburst                Conj/Fire      2%         8x6d3     100%        6
 Orb of Destruction       Conj           2%         9d1       100%        7
 Spellforged Servitor     Conj/Summ      2%         N/A       100%        7
 Ignition                 Fire           2%         3d3       100%        8


Dungeon Overview and Level Annotations

Branches:
Dungeon (6/15)             Temple (1/1) D:4

Altars:
Ashenzari
Cheibriados
Dithmenos
Elyvilon
Fedhas
Hepliaklqana
Kikubaaqudgha
Makhleb
Nemelex Xobeh
Okawaru
Qazlal
Ru
Sif Muna
Trog
Uskayaw
Vehumet
Wu Jian
Xom
Yredelemnul
Zin
The Shining One

Shops:
D:6 *

Annotations:
D:3 exclusions: Jessica and Terence
D:4 2 transporters
D:5 exclusion: jelly
D:6 Edmund


Innate Abilities, Weirdness & Mutations

You are a creature of crystalline ice.
You have a powerful freezing melee attack.
Your maximum health is increased.
Your armour is entirely melded.
You are incapable of wielding weapons or throwing items.
You cannot wear most types of armour.
You are amphibious.
You can wear up to eight rings at the same time.
((Your skin changes colour to match your surroundings (Stealth+).))
((Your rubbery body absorbs attacks. (AC +1, EV +1)))
((You are camouflaged near water. (Stealth+)))
((You have tentacles for arms and can constrict up to eight enemies at once.))


Message History

You barely miss the wight.
The wight is heavily damaged.
The wight hits you but does no damage. The wight barely misses you.
Aiming: Charm
Press: ? - help, Shift-Dir - straight line, f - wight, p - wight
Aim: a wight, wielding a +0 hand axe and wearing a +0 robe (chance to affect: 46%)
Okay, then.
Aiming: Polymorph
Press: ? - help, Shift-Dir - straight line, f/p - wight
Aim: a wight, wielding a +0 falchion and wearing a +0 robe (heavily damaged, not susceptible)
Okay, then.
Aiming: Polymorph
Press: ? - help, Shift-Dir - straight line, f/p - wight
Aim: a wight, wielding a +0 falchion and wearing a +0 robe (heavily damaged, not susceptible)
Okay, then.
Press: ? - help, v - describe, . - travel, g - get item
Here: a wight, wielding a +0 falchion and wearing a +0 robe (heavily damaged)
Items here: $ ) ? [.
The floor.
Unknown command.
You hit the wight.
The wight is almost destroyed.
The wight hits you with a +0 falchion.
* * * LOW HITPOINT WARNING * * *
You feel drained. The wight barely misses you.
You hit the wight but do no damage.
The wight is almost destroyed.
The wight hits you with a +0 falchion.
* * * LOW HITPOINT WARNING * * *
The wight hits you with a +0 hand axe.
* * * LOW HITPOINT WARNING * * *
You barely miss the wight.
The wight is almost destroyed.
Your primal bloodlust has ended.
The wight closely misses you. The wight hits you with a +0 hand axe!
* * * LOW HITPOINT WARNING * * *
You hit the wight but do no damage.
The wight is almost destroyed.
The wight misses you. The wight hits you with a +0 hand axe.
You die...

.....Z.......#####.....#
........... #...#.....#
######...#.....#
#.#......#5....+
#........#.....#
#.∩.#....#.)...#
#........#.....#
#.#.##..zz.5...#
#...##..Y#.....#
+........#.....#
#........#.....#
##........#.....#
#.........#..(..#
##...##...#.....#
#######...#.....#
#....##...#.....#
#.........#.....#


You could see 2 wights and a shadow imp.

Vanquished Creatures
  Pikel (D:4)
  3 ogres (D:5)
  A necrophage (D:6)
  2 lemures (D:4)
  A wyvern zombie (D:5)
  A water moccasin skeleton (D:5)
  2 wights (D:6)
  A centaur zombie (D:5)
  A bullfrog skeleton (D:6)
  2 jellies
  Jessica (D:3)
  3 iguanas
  Terence (D:3)
  7 gnolls
  8 adders
  5 dart slugs
  2 orcs (D:3)
  4 endoplasms
  A giant cockroach (D:2)
  3 goblins
  6 hobgoblins
  13 jackals
  4 kobolds
  5 quokkas
  10 ball pythons
  2 bats
  4 frilled lizards
  3 rats
97 creatures vanquished.

Vanquished Creatures (others)
  A wight (D:6)
1 creature vanquished.

Grand Total: 98 creatures vanquished

Notes
Turn   | Place    | Note
-------+----------+-------------------------------------------
     0 | D:1      | nicksoapdish the Octopode Transmuter began the quest for
                  | the Orb.
     0 | D:1      | Reached XP level 1. HP: 13/13 MP: 3/3
   388 | D:1      | Reached skill level 1 in Stealth
   389 | D:1      | Reached XP level 2. HP: 18/18 MP: 3/5
   392 | D:1      | Learned a level 2 spell: Wereblood
   956 | D:2      | Reached XP level 3. HP: 23/23 MP: 3/6
  1380 | D:2      | Learned a level 3 spell: Spider Form
  1417 | D:2      | Found a faded altar of an unknown god.
  1454 | D:2      | Reached XP level 4. HP: 28/28 MP: 4/8
  2629 | D:3      | Noticed Terence
  2693 | D:3      | Noticed Jessica
  3024 | D:3      | Killed Jessica
  3025 | D:3      | Reached skill level 1 in Poison Magic
  3025 | D:3      | Reached XP level 5. HP: 23/33 MP: 2/9
  3035 | D:3      | Killed Terence
  3603 | D:4      | Reached XP level 6. HP: 19/38 MP: 5/10
  3819 | D:4      | Learned a level 4 spell: Ice Form
  3881 | D:4      | Found a transporter.
  3928 | D:4      | Noticed Pikel
  4001 | D:4      | Killed Pikel
  4002 | D:4      | Reached skill level 5 in Transmutations
  4002 | D:4      | Reached skill level 1 in Ice Magic
  4002 | D:4      | Reached XP level 7. HP: 24/43 MP: 10/13
  4183 | D:4      | Found a transporter.
  4423 | D:4      | Found a staircase to the Ecumenical Temple.
  4430 | Temple   | Entered the Ecumenical Temple
  4480 | Temple   | Became a worshipper of Dithmenos the Shadowed
  4673 | D:5      | Entered Level 5 of the Dungeon
  4690 | D:5      | Reached skill level 5 in Stealth
  4866 | D:5      | Reached XP level 8. HP: 48/48 MP: 11/14
  6447 | D:6      | Noticed Edmund
  6484 | D:6      | Found Orup's General Store.
  6950 | D:6      | HP: 2/51 [wight (8)]
  6951 | D:6      | Slain by a wight

Illustrated notes

Levels and vault maps discovered:
D:1:      minmay_arrival_loop, layout_rooms
D:2:      layout_basic, basic_ecumenical_altar
D:3:      layout_loops_cross, uniq_jessica, uniq_terence
D:4:      gammafunk_wand_slinger, layout_loops_cross,
          minmay_temple_entry_purple_smoke, uniq_pikel
D:5:      layout_gridville
D:6:      layout_gridville, mainiacjoe_overflow_alcove_1, serial_shops,
          nicolae_shop_stone, minmay_misc_feat_nine_boxes, uniq_edmund
Temple:   nicolae_temple_the_god_donut

Skill      XL: |  1  2  3  4  5  6  7  8 |
---------------+-------------------------+-----
Stealth        | 1 2 3 4 5 6 |  6.4
Transmutations | 3 4 5 6 |  6.9
Spellcasting   | 3 4 |  4.8
Poison Magic   | 1 2 |  2.7
Ice Magic      | 1 2 |  2.8
Fighting       | |  1.0
Dodging        | |  2.0
Unarmed Combat | |  3.4

Action                   |  1- 3 |  4- 6 |  7- 9 || total
-------------------------+-------+-------+-------++-------
Melee: Unarmed           |    67 |    68 |   106 ||   241
       Constrict         |    23 |    22 |     3 ||    48
       Kick              |    18 |    29 |     8 ||    55
       Tentacles         |     9 |    28 |     6 ||    43
       Punch             |     1 |     3 |       ||     4
       Dagger            |       |    57 |    22 ||    79
 Cast: Beastly Appendage |    22 |    21 |     5 ||    48
       Wereblood         |    10 |    10 |    15 ||    35
       Spider Form       |       |     4 |    10 ||    14
       Ice Form          |       |       |     3 ||     3
Evoke: Wand              |       |       |     1 ||     1
  Use: Scroll            |     4 |     1 |     6 ||    11
       Potion            |       |     4 |       ||     4
 Stab: Sleeping          |     3 |     6 |     5 ||    14
Armor: Skin              |     2 |    19 |     9 ||    30
Dodge: Dodged            |    44 |    92 |    88 ||   224
